 Dungeon Crawl Stone Soup version 0.21.0-3-g78d12a8 (webtiles) character file.

6865 raph the Frost Mage (level 11, -7/118 HPs)
             Began as a Human Ice Elementalist on Jan 7, 2018.
             Was an Elder of Kikubaaqudgha.
             Mangled by a minotaur (8 damage)
             ... in a labyrinth on Jan 8, 2018.
             The game lasted 00:36:18 (11715 turns).

raph the Frost Mage (Human Ice Elementalist)       Turns: 11715, Time: 00:36:19

Health: -7/118     AC: 15    Str: 14    XL:     11   Next: 26%
Magic:  14/20      EV: 20    Int: 17    God:    Kikubaaqudgha [****..]
Gold:   338        SH:  0    Dex: 15    Spells: 3/22 levels left

rFire    + . .     SeeInvis .   a - +7 mace of Gallantry {pain, rPois rC+}
rCold    + . .     Gourm    .   (no shield)
rNeg     . . .     Faith    .   F - +2 leather armour {rF+}
rPois    +         Spirit   .   (no helmet)
rElec    .         Reflect  .   (no cloak)
rCorr    .         Harm     .   o - +2 pair of gloves
MR       .....                  (no boots)
Stlth    ..........             x - amulet of magic regeneration
HPRegen  0.29/turn              j - +5 ring of evasion
MPRegen  0.42/turn              w - ring of stealth

@: berserking, icy armour, very slightly contaminated, very quick
A: no striking features
a: Receive Corpses, Renounce Religion


You were in a labyrinth.
You worshipped Kikubaaqudgha.
Kikubaaqudgha was greatly pleased with you.
You were hungry.

You visited 2 branches of the dungeon, and saw 9 of its levels.
You also visited: Labyrinth.

You collected 338 gold pieces.

Inventory:

Hand Weapons
 a - the +7 mace of Gallantry (weapon) {pain, rPois rC+}
   (You found it on level 7 of the Dungeon)

   In the hands of one skilled in necromantic magic, it inflicts extra damage on
   living creatures.
   It protects you from cold.
   It protects you from poison.
 b - a +0 mace of holy wrath
Missiles
 n - 236 stones
 B - 3 silver tomahawks (quivered)
Armour
 o - a +2 pair of gloves (worn)
 F - a +2 leather armour of fire resistance (worn)
Jewellery
 g - an uncursed ring of see invisible
 j - a +5 ring of evasion (left hand)
 m - a +1 ring of evasion
 s - an uncursed ring of resist corrosion
 w - a ring of stealth (right hand)
 x - an amulet of magic regeneration (around neck)
 K - an uncursed ring of protection from cold
 L - an uncursed ring of protection from fire
 P - an uncursed amulet of the gourmand {unknown}
Wands
 h - a wand of iceblast (10)
 y - a wand of random effects (36)
 R - a wand of acid (6)
Scrolls
 d - a scroll of enchant armour
 e - 5 scrolls of remove curse
 k - 3 scrolls of identify
 q - 2 scrolls of teleportation
 u - a scroll of enchant weapon
 v - a scroll of fear
Potions
 f - 2 potions of resistance
 l - a potion of haste
 p - 2 potions of might
 r - a potion of lignification
 A - a potion of cancellation
 G - 2 potions of agility
 O - 3 potions of flight
Comestibles
 c - 9 rations


   Skills:
 + Level 5.1 Fighting
   Level 2.4 Short Blades
 * Level 3.8 Maces & Flails
 + Level 5.0 Armour
 + Level 5.6 Dodging
 - Level 2.0 Stealth
 + Level 6.0 Spellcasting
 - Level 1.0 Conjurations
 - Level 1.1 Charms
 * Level 7.4 Necromancy
 + Level 8.9 Ice Magic


You had 3 spell levels left.
You knew the following spells:

 Your Spells              Type           Power        Failure   Level  Hunger
a - Freeze                Ice            ####         1%          1    None
b - Throw Frost           Conj/Ice       ###...       3%          2    None
c - Ozocubu's Armour      Chrm/Ice       ###.....     6%          3    ##.....
d - Pain                  Necr           ####         1%          1    None
e - Corpse Rot            Necr           N/A          1%          2    None
f - Vampiric Draining     Necr           ####......   2%          3    ##.....
g - Animate Dead          Necr           N/A          7%          4    ####...
h - Regeneration          Chrm/Necr      ###.......   9%          3    ##.....


Dungeon Overview and Level Annotations

Branches:
Dungeon (8/15)             Temple (0/1) D:7            Lair (1/6) D:8

Altars:
Fedhas
Hepliaklqana
Kikubaaqudgha
Makhleb
Okawaru
Qazlal
Sif Muna
Trog
Vehumet
Wu Jian
The Shining One

Annotations:
D:4 kegs's ghost, amateur HOFi
D:6 subgenius's ghost, novice GrBe


Message History

* * * LOW HITPOINT WARNING * * *
The minotaur gores you!
* * * LOW HITPOINT WARNING * * *
You feel better.
Quiver which item? (- for none, * to show all) (? for menu, Esc to quit)
Okay, then.
A red film seems to cover your vision as you go berserk!
You feel yourself moving faster!
You feel mighty!
The minotaur is engulfed in dark miasma.
The minotaur looks even sicker.
The minotaur closely misses you. The minotaur gores you!
* * * LOW HITPOINT WARNING * * *
You completely miss the minotaur.
The minotaur is heavily wounded.
The minotaur is engulfed in dark miasma.
The minotaur looks as sick as possible!
The minotaur hits you!
* * * LOW HITPOINT WARNING * * *
The minotaur gores you!
You die...
Kikubaaqudgha rasps: "You have failed me!
Welcome... death!"

#.. #..
#.# .# # #
#.# ####
##.# . .
#.# #
......#.##
# #.# #.
#.#.#...
#.# #.#..
. # .#
#H###.#.
#### .# .
#ยง@...#..
....#
.########
# # ...#
.. . ...
....# .
#...#.. #.
. .# ..# #
#.#.# ## #
#. # #.
....# #
#.# .#. #
# # .#.#
.#. ##.###
#####


You could see a minotaur.

Vanquished Creatures
  Joseph (D:7)
  3 hippogriffs
  A wyvern (D:8)
  4 yaks (Lair:1)
  Grum (D:8)
  2 steam dragons (D:7)
  Menkaure (D:5)
  Edmund (D:5)
  2 hell hounds (D:8)
  A water moccasin (Lair:1)
  Duvessa (D:7)
  2 orc warriors
  2 sky beasts
  An ice beast (D:7)
  3 phantoms
  5 ogres
  3 wolves (D:8)
  2 crocodiles (Lair:1)
  A big kobold (D:8)
  3 bullfrogs
  Dowan (D:7)
  4 scorpions
  2 wights (D:7)
  6 howler monkeys
  A bullfrog zombie (D:6)
  3 crimson imps
  5 hounds
  2 jellies
  A gnoll shaman (D:7)
  4 orc wizards
  Crazy Yiuf (D:7)
  2 orc priests
  Jessica (D:3)
  An iguana (D:5)
  6 worker ants
  A hound zombie (D:3)
  11 adders
  8 gnolls
  2 shadow imps (D:6)
  2 oozes
  2 adder skeletons
  6 worms
  3 dart slugs (D:1)
  7 leopard geckos
  31 orcs
  10 giant cockroaches
  5 hobgoblins
  5 jackals
  7 quokkas
  2 ball pythons
  8 bats
  2 frilled lizards
  2 goblins
  15 kobolds
  A kobold zombie (D:7)
  A quokka skeleton (D:5)
  14 rats
  A rat zombie (D:7)
226 creatures vanquished.

Vanquished Creatures (collateral kills)
  A hydra (Lair:1)
  2 yaks (Lair:1)
  A phantom (D:7)
  A big kobold (D:8)
  2 wights (D:7)
  A howler monkey (D:8)
  A jelly (D:8)
  2 kobolds (D:8)
11 creatures vanquished.

Grand Total: 237 creatures vanquished

Notes
Turn   | Place    | Note
-------+----------+-------------------------------------------
     0 | D:1      | raph the Human Ice Elementalist began the quest for the Orb.
     0 | D:1      | Reached XP level 1. HP: 13/13 MP: 3/3
   470 | D:1      | Reached XP level 2. HP: 18/19 MP: 1/5
  1224 | D:1      | Reached XP level 3. HP: 23/24 MP: 2/6
  1751 | D:2      | Reached skill level 4 in Ice Magic
  1914 | D:2      | Reached XP level 4. HP: 30/30 MP: 5/7
  2147 | D:2      | Learned a level 2 spell: Throw Frost
  2151 | D:2      | Learned a level 3 spell: Ozocubu's Armour
  2526 | D:2      | Found a hazy altar of Hepliaklqana.
  2712 | D:2      | Reached XP level 5. HP: 21/35 MP: 0/9
  2957 | D:2      | Found a deep blue altar of Sif Muna.
  2973 | D:3      | Found a stormy altar of Qazlal.
  3184 | D:3      | Reached skill level 5 in Ice Magic
  3193 | D:3      | Found an ancient bone altar of Kikubaaqudgha.
  3208 | D:3      | Became a worshipper of Kikubaaqudgha
  3224 | D:3      | Noticed Jessica
  3231 | D:3      | Killed Jessica
  3311 | D:3      | Reached skill level 1 in Charms
  3311 | D:3      | Reached XP level 6. HP: 28/41 MP: 5/10
  3636 | D:3      | Noticed a sky beast
  3669 | D:3      | Killed a sky beast
  3669 | D:3      | Reached skill level 1 in Necromancy
  3964 | D:3      | Reached * piety under Kikubaaqudgha
  3964 | D:3      | Identified Kikubaaqudgha's Disquisition on Unholy Magic (Kikubaaqudgha gifted it to you on level 3 of the Dungeon)
  3964 | D:3      | Received a gift from Kikubaaqudgha
  3967 | D:3      | Reached skill level 1 in Fighting
  3967 | D:3      | Reached skill level 1 in Armour
  3967 | D:3      | Reached XP level 7. HP: 30/48 MP: 1/12
  3977 | D:3      | Learned a level 1 spell: Pain
  3980 | D:3      | Learned a level 2 spell: Corpse Rot
  3984 | D:3      | Learned a level 3 spell: Vampiric Draining
  4227 | D:3      | Found a faded altar of an unknown god.
  4905 | D:4      | Noticed a moth of wrath
  4908 | D:4      | Found a bloodstained altar of Trog.
  5093 | D:4      | Reached skill level 6 in Ice Magic
  5432 | D:4      | Noticed kegs's ghost (amateur HOFi)
  5432 | D:4      | Reached ** piety under Kikubaaqudgha
  5756 | D:4      | Reached XP level 8. HP: 50/56 MP: 4/13
  6388 | D:5      | Entered Level 5 of the Dungeon
  6555 | D:5      | Noticed Menkaure
  6573 | D:5      | HP: 2/57 [phantom (3)]
  6589 | D:5      | Killed Menkaure
  6601 | D:5      | Reached skill level 7 in Ice Magic
  6633 | D:5      | Noticed Edmund
  6867 | D:5      | Reached XP level 9. HP: 61/62 MP: 15/15
  6872 | D:5      | Killed Edmund
  7023 | D:5      | Found an ornate altar of the Wu Jian Council.
  7062 | D:5      | Found a glowing golden altar of the Shining One.
  7276 | D:5      | Found an iron altar of Okawaru.
  7285 | D:5      | Found a blossoming altar of Fedhas.
  7674 | D:5      | Found a burning altar of Makhleb.
  7675 | D:5      | Found a radiant altar of Vehumet.
  7819 | D:6      | Noticed subgenius's ghost (novice GrBe)
  8281 | D:7      | Noticed Duvessa
  8281 | D:7      | Noticed Dowan
  8313 | D:7      | Killed Duvessa
  8313 | D:7      | Reached skill level 5 in Necromancy
  8315 | D:7      | Killed Dowan
  8330 | D:7      | Reached skill level 1 in Short Blades
  8409 | D:7      | Found a sand-covered staircase.
  8420 | D:7      | Reached *** piety under Kikubaaqudgha
  8420 | D:7      | Identified Kikubaaqudgha's Compendium of Stolen Souls (Kikubaaqudgha gifted it to you on level 7 of the Dungeon)
  8420 | D:7      | Received a gift from Kikubaaqudgha
  8426 | D:7      | Reached skill level 5 in Spellcasting
  8693 | D:7      | Noticed a hippogriff
  8714 | D:7      | Killed a hippogriff
  8714 | D:7      | Reached skill level 8 in Ice Magic
  8714 | D:7      | Reached XP level 10. HP: 50/71 MP: 10/17
  8748 | D:7      | Learned a level 4 spell: Animate Dead
  9124 | D:7      | Noticed Joseph
  9145 | D:7      | Killed Joseph
  9683 | D:7      | Found a runed door.
  9688 | D:7      | Noticed Crazy Yiuf
  9692 | D:7      | Killed Crazy Yiuf
  9697 | D:7      | Got a bloodstained mace
  9698 | D:7      | Identified the +7 mace of Gallantry {pain, rPois rC+} (You found it on level 7 of the Dungeon)
  9849 | D:7      | Found a staircase to the Ecumenical Temple.
 10238 | D:8      | Found a staircase to the Lair.
 10258 | D:8      | Reached skill level 1 in Maces & Flails
 10486 | D:8      | Reached skill level 5 in Dodging
 10505 | D:8      | Noticed Grum
 10516 | D:8      | Killed Grum
 10564 | D:8      | Learned a level 3 spell: Regeneration
 10613 | D:8      | Reached **** piety under Kikubaaqudgha
 11313 | Lair:1   | Entered Level 1 of the Lair of Beasts
 11352 | Lair:1   | Reached XP level 11. HP: 78/78 MP: 19/19
 11471 | Lair:1   | Noticed a five-headed hydra
 11479 | Lair:1   | Killed a five-headed hydra
 11479 | Lair:1   | Reached skill level 5 in Fighting
 11479 | Lair:1   | Reached skill level 5 in Armour
 11544 | Lair:1   | Found a labyrinth entrance.
 11549 | Lair:1   | Upgraded the game from 0.21.0 to 0.21.0-3-g78d12a8
 11562 | Lab      | Entered a labyrinth
 11704 | Lab      | Noticed a minotaur
 11705 | Lab      | Identified the Papyrus of Scorching Combat Magic
 11712 | Lab      | HP: 3/79 [minotaur (16)]
 11715 | Lab      | HP: 1/118 [minotaur (9)]
 11715 | Lab      | Mangled by a minotaur

Skill      XL: |  1  2  3  4  5  6  7  8  9 10 11 |
---------------+----------------------------------+-----
Ice Magic      | 4 5 6 7 8 |  8.9
Spellcasting   | 3 4 5 6 |  6.0
Charms         | 1 |  1.1
Necromancy     | 1 2 4 5 6 7 |  7.4
Fighting       | 1 2 3 4 5 |  5.1
Armour         | 1 2 3 4 5 |  5.0
Dodging        | 3 4 5 |  5.6
Short Blades   | 1 2 |  2.4
Maces & Flails | 2 3 |  3.8
Stealth        | |  2.0
Conjurations   | |  1.0

Action                   |  1- 3 |  4- 6 |  7- 9 | 10-12 || total
-------------------------+-------+-------+-------+-------++-------
Melee: Unarmed           |     6 |       |       |       ||     6
       Dagger            |    32 |    11 |   281 |       ||   324
       Spear             |       |   107 |   135 |       ||   242
       Rapier            |       |       |    50 |    69 ||   119
       Mace              |       |       |       |   156 ||   156
Throw: Stone             |       |     1 |       |       ||     1
       Tomahawk          |       |       |     3 |       ||     3
 Cast: Freeze            |    42 |    67 |    28 |    16 ||   153
       Throw Frost       |       |     6 |     5 |     7 ||    18
       Ozocubu's Armour  |       |     6 |    30 |    18 ||    54
       Pain              |       |       |    14 |     4 ||    18
       Corpse Rot        |       |       |     4 |     4 ||     8
       Vampiric Draining |       |       |     6 |    18 ||    24
       Animate Dead      |       |       |       |    12 ||    12
       Regeneration      |       |       |       |     2 ||     2
Invok: Receive Corpses   |       |       |     1 |     3 ||     4
Evoke: Wand              |       |       |       |     1 ||     1
  Use: Scroll            |       |       |    14 |     1 ||    15
       Potion            |       |       |     8 |     2 ||    10
 Stab: Sleeping          |     1 |     4 |     7 |       ||    12
       Distracted        |       |       |       |     5 ||     5
  Eat: Chunk             |     4 |     7 |     6 |     5 ||    22
       Ration            |       |       |     4 |     3 ||     7
Armor: Robe              |     6 |    20 |       |       ||    26
       Leather armour    |       |     8 |   132 |    95 ||   235
Dodge: Dodged            |    45 |   117 |   476 |   298 ||   936
